 Dungeon Crawl Stone Soup version 0.25.1-8-g42b30a86e7 (webtiles) character file.

Game seed: 4276069041062093349

130 Destapler the Sneak (level 4, -1/34 HPs)
             Began as a Vampire Hunter on Dec 15, 2020.
             Was a Believer of Sif Muna.
             Slain by Grinder (4 damage)
             ... on level 3 of the Dungeon.
             The game lasted 00:09:41 (2399 turns).

Destapler the Sneak (Vampire Hunter)                Turns: 2399, Time: 00:09:41

Health: -1/34      AC:  4    Str: 11    XL:     4   Next: 90%
Magic:  0/4        EV: 12    Int: 13    God:    Sif Muna [**....]
Gold:   117        SH:  4    Dex: 15    Spells: 3/3 levels left

rFire    . . .     SeeInvis +   n - -1 trident (curse)
rCold    . . .     Gourm    .   h - +0 buckler
rNeg     . . .     Faith    .   b - +0 leather armour
rPois    .         Spirit   +   (no helmet)
rElec    .         Reflect  .   m - +0 cloak
rCorr    .         Harm     .   (no gloves)
MR       .....                  (no boots)
Stlth    ++........             j - amulet of guardian spirit
HPRegen  0.31/turn              (no ring)
MPRegen  0.09/turn              (no ring)

@: mighty, flying, regenerating quickly
A: no food, fangs 3, see invisible, unbreathing
a: Exsanguinate, Channel Magic, Renounce Religion


You were on level 3 of the Dungeon.
You worshipped Sif Muna.
Sif Muna was pleased with you.
You were alive.

You visited 1 branch of the dungeon, and saw 3 of its levels.

You collected 117 gold pieces.

Inventory:

Hand Weapons
 a - a +1 short sword
 k - a -1 hand axe
 l - a +1 vorpal long sword
 n - a cursed -1 trident (weapon)
Missiles
 c - 10 javelins
 d - 2 throwing nets
 i - 11 boomerangs (quivered)
 r - 17 poisoned darts
Armour
 b - a +0 leather armour (worn)
 h - a +0 buckler (worn)
 m - a +0 cloak (worn)
Jewellery
 j - an amulet of guardian spirit (around neck)
Scrolls
 g - 4 scrolls of identify
 p - 4 scrolls of teleportation
 s - a scroll of enchant armour {unknown}
Potions
 e - 2 potions of brilliance
 f - 4 potions of curing


   Skills:
 + Level 2.6 Fighting
 + Level 2.1 Short Blades
 - Level 3.2 Throwing
 + Level 3.1 Dodging
 + Level 3.7 Stealth
 + Level 1.0 Shields
 + Level 0.4 Spellcasting
 + Level 0.2 Invocations


You had 3 spell levels left.
You didn't know any spells.
Your spell library contained the following spells:

 Spells                   Type           Power        Failure   Level  Hunger
 Confusing Touch          Hex            #.......     86%         3    N/A
 Gell's Gravitas          Tloc           #.........   86%         3    N/A
 Petrify                  Tmut/Erth      #.......     99%         4    N/A
 Metabolic Englaciation   Hex/Ice        #.........   100%        5    N/A
 Yara's Violent Unravell  Hex/Tmut       #.........   100%        5    N/A

Dungeon Overview and Level Annotations

Branches:
Dungeon (3/15)

Altars:
Okawaru
Sif Muna

Annotations:
D:3 2 transporters, Grinder; Thomus's ghost, amateur HOFi


Innate Abilities, Weirdness & Mutations

You do not eat.
Your natural rate of healing is unusually fast.
You have razor-sharp teeth.
You have supernaturally acute eyesight. (SInv)
You can survive without breathing.


Message History

Grinder gestures at you.
You shrug off the repeated paralysis!
The rat bites you but does no damage. Grinder hits you.
* * * LOW HITPOINT WARNING * * *
The rat bites you but does no damage. Grinder hits you!
* * * LOW HITPOINT WARNING * * *
You writhe in agony.
* * * LOW HITPOINT WARNING * * *
The rat bites you but does no damage. Grinder hits you but does no damage.
You can move again.
It was a potion of flight.
You feel very buoyant.
You fly up into the air.
The rat bites you.
* * * LOW HITPOINT WARNING * * *
Grinder gestures at you. You resist with significant effort.
It was a potion of might.
You feel very mighty all of a sudden. The rat barely misses you.
Grinder hits you.
You die...

#### ..... #### .....
..... .....######.....
................
#.......5...# #####+
#......@r...# #.....
###+#.......# #.....
###+#.......# #.....
#........#### #####..†..
#........# #.........
#.....#### #.#####'##
#.#############.#.......
#.######.....##.#.###.##
#>...........)..........


You could see Grinder and a rat.

Vanquished Creatures
  Jessica (D:2)
  3 adders
  A dart slug (D:2)
  5 leopard geckos
  5 orcs (D:3)
  6 bats
  4 giant cockroaches
  6 goblins
  6 hobgoblins
  6 jackals
  2 kobolds
  A quokka (D:2)
  3 frilled lizards
  A quokka zombie (D:3)
  10 rats
60 creatures vanquished.

Vanquished Creatures (others)
  An ooze (D:2)
1 creature vanquished.

Grand Total: 61 creatures vanquished

Notes
Turn   | Place    | Note
-------+----------+-------------------------------------------
     0 | D:1      | Destapler the Vampire Hunter began the quest for the Orb.
     0 | D:1      | Reached XP level 1. HP: 16/16 MP: 1/1
   272 | D:1      | Reached XP level 2. HP: 22/22 MP: 2/2
   386 | D:1      | Reached skill level 1 in Short Blades
   850 | D:2      | Reached XP level 3. HP: 20/27 MP: 3/3
   905 | D:2      | Found a faded altar of an unknown god.
   917 | D:2      | Became a worshipper of Sif Muna the Loreminder
   917 | D:2      | Reached * piety under Sif Muna
  1048 | D:2      | Found an iron altar of Okawaru.
  1054 | D:2      | Noticed Jessica
  1251 | D:2      | Killed Jessica
  1251 | D:2      | Reached XP level 4. HP: 32/34 MP: 4/4
  2064 | D:3      | Reached ** piety under Sif Muna
  2199 | D:3      | Found a transporter.
  2199 | D:3      | Noticed Thomus's ghost (amateur HOFi)
  2261 | D:3      | Found a transporter.
  2374 | D:3      | Reached skill level 1 in Shields
  2386 | D:3      | Noticed Grinder
  2391 | D:3      | Paralysed by Grinder for 7 turns
  2399 | D:3      | Slain by Grinder

Illustrated notes

Levels and vault maps discovered:
D:1:      matt_arrival_spirals, layout_loops_ring
D:2:      layout_basic, first_ration, chequers_ecumenical_altar_simple_redux,
          okawaru_trees_2, uniq_jessica
D:3:      layout_basic, gammafunk_ghost_arena, uniq_grinder

Skill      XL: |  1  2  3  4 |
---------------+-------------+-----
Stealth        | 2 3 |  3.7
Fighting       | 2 |  2.6
Short Blades   | 1 2 |  2.1
Dodging        | 3 |  3.1
Shields        | 1 |  1.0
Throwing       | |  3.2
Spellcasting   | |  0.4
Invocations    | |  0.2

Action                   |  1- 3 |  4- 6 || total
-------------------------+-------+-------++-------
Melee: Short sword       |    58 |       ||    58
       Bite              |     8 |     6 ||    14
       Hand axe          |    48 |    64 ||   112
       Trident           |       |    22 ||    22
       Long sword        |       |    19 ||    19
Throw: Javelin           |     1 |       ||     1
       Boomerang         |     1 |       ||     1
  Use: Scroll            |     7 |     1 ||     8
       Potion            |       |     2 ||     2
 Stab: Sleeping          |     3 |     2 ||     5
Armor: Leather armour    |    32 |    40 ||    72
Dodge: Dodged            |    76 |    74 ||   150
Block: Buckler           |     2 |    28 ||    30
       Rpst.: Long sword |       |     6 ||     6
